Map: Newkirk Precinct TE (Void)

Players

Railgan

  • Race: Zerg Zerg
  • League: Grandmaster
  • Spawn Location: 7:00

LiquidSnute (Snute) - Winner!

  • Race: Zerg Zerg
  • League: Master
  • Spawn Location: 5:00

VOD

Have the link to the VOD?

Description

Time

  • Played on: March 21, 2017, 8:34 p.m.
  • Length: 8:35
Show
View Real Time Build Order
Export as new Build Order

Railgan Zerg 

Build Orders: Hatch First 

Get SALT Encoding   

  12  0:03  Drone  
  13  0:13  Overlord  
  13  0:18  Drone  
  14  0:31  Drone x2  
  14  0:35  Drone  
  17  0:54  Hatchery  
  17  0:56  Drone  
  17  0:59  Drone  
  18  1:10  Extractor  
  17  1:15  Spawning Pool  
  16  1:19  Drone  
  16  1:21  Drone  
  18  1:29  Drone  
  19  1:39  Overlord  
  19  1:55  Drone  
  20  2:03  Drone, Queen  
  20  2:06  Queen  
  20  2:07  Zergling x2  
  26  2:12  Drone  
  27  2:17  Drone  
  27  2:22  Drone  
  29  2:23  Metabolic Boost  
  29  2:29  Drone  
  30  2:36  Baneling Nest, Drone  
  30  2:41  Zergling x2  
  30  2:42  Queen  
  33  2:49  Drone  
  34  2:52  Overlord  
  34  2:57  Zergling x2  
  35  3:01  Drone  
  36  3:11  Drone, Zergling x2  
  37  3:14  Drone x2  
  37  3:15  Drone  
  40  3:21  Lair  
  40  3:22  Drone  
  41  3:27  Drone x2  
  41  3:29  Roach Warren  
  42  3:35  Evolution Chamber  
  42  3:36  Drone x2  
  42  3:37  Baneling  
  42  3:40  Extractor  
  42  3:42  Drone  
  42  3:46  Overlord  
  43  3:50  Overlord  
  43  3:58  Overlord  
  43  3:59  Extractor  
  43  4:02  Zerg Missile Weapons Level 1  
  42  4:04  Drone  
  42  4:05  Drone x4  
  42  4:09  Drone  
  49  4:10  Drone  
  49  4:18  Drone x2  
  49  4:23  Glial Reconstitution  
  51  4:24  Overlord  
  51  4:31  Overseer  
  51  4:34  Roach x2  
  55  4:40  Roach x2  
  55  4:41  Overlord  
  60  4:53  Roach x4  
  60  4:56  Overlord  
  66  5:04  Hatchery  
  66  5:06  Baneling  
  65  5:07  Baneling  
  65  5:09  Roach  
  67  5:14  Roach  
  67  5:15  Roach x2  
  67  5:20  Roach  
  67  5:21  Roach  
  76  5:24  Overlord  
  76  5:31  Roach x3  
  76  5:35  Roach  
  84  5:39  Roach x2  
  88  5:43  Roach  
  88  5:44  Roach  
  88  5:48  Roach  
  94  5:50  Roach  
  94  5:53  Overlord  
  96  6:01  Roach x3  
  95  6:06  Drone  
  95  6:07  Drone, Overlord  
  95  6:10  Roach  
  99  6:15  Roach  
  99  6:23  Roach x3  
  105  6:30  Roach x3  
  109  6:37  Roach  
  109  6:39  Roach  
  95  6:42  Roach x4  
  97  6:47  Roach x2  
  97  6:52  Queen  
  101  6:57  Roach x2  
  105  7:07  Roach  
  105  7:08  Roach x4  
  105  7:11  Roach  
  105  7:14  Roach  
  89  7:25  Roach  
  89  7:27  Roach x2  
  89  7:30  Drone x5  
  89  7:32  Roach  
  90  7:38  Extractor  
  90  7:39  Roach x2  
  90  7:43  Roach  
  95  7:49  Drone  
  95  7:50  Drone  
  97  7:51  Queen  
  97  7:56  Drone  
  100  8:01  Drone x2  
  102  8:06  Drone  
  102  8:07  Drone x3  
  102  8:09  Roach  
  108  8:15  Roach x2  
Show
View Real Time Build Order
Export as new Build Order

LiquidSnute Zerg - Winner!

Build Orders: Hatch First 

Get SALT Encoding   

  12  0:00  Drone  
  13  0:13  Overlord  
  13  0:18  Drone  
  14  0:31  Drone x2  
  14  0:35  Drone  
  17  0:54  Hatchery  
  17  0:56  Drone  
  17  0:59  Drone  
  17  1:02  Extractor  
  17  1:16  Spawning Pool  
  17  1:18  Drone  
  17  1:21  Drone  
  18  1:28  Drone  
  19  1:39  Overlord  
  19  1:50  Drone  
  20  2:02  Queen  
  20  2:03  Metabolic Boost  
  20  2:05  Queen  
  20  2:07  Zergling x2  
  25  2:09  Zergling x2  
  25  2:13  Zergling x2  
  27  2:16  Drone  
  27  2:22  Drone  
  29  2:27  Drone  
  30  2:33  Drone  
  31  2:38  Drone  
  32  2:44  Hatchery  
  31  2:51  Baneling Nest  
  31  2:53  Drone  
  31  2:55  Drone  
  32  2:59  Overlord  
  32  3:01  Drone  
  32  3:05  Drone  
  34  3:10  Drone  
  34  3:11  Drone  
  36  3:18  Zergling x6  
  39  3:20  Overlord  
  39  3:22  Drone  
  39  3:24  Drone  
  41  3:33  Overlord  
  41  3:36  Drone  
  41  3:37  Baneling x2  
  41  3:40  Drone  
  42  3:41  Drone x2  
  42  3:42  Drone  
  42  3:43  Drone  
  42  3:47  Drone  
  47  3:50  Queen  
  47  3:53  Drone  
  50  3:59  Drone  
  50  4:00  Drone x3  
  50  4:02  Extractor  
  52  4:08  Roach Warren  
  52  4:09  Drone  
  52  4:10  Drone  
  52  4:13  Drone x2  
  52  4:14  Drone  
  56  4:18  Overlord  
  56  4:24  Drone x2  
  56  4:27  Lair  
  56  4:29  Evolution Chamber  
  56  4:32  Drone x3  
  56  4:35  Extractor  
  58  4:40  Drone x4  
  58  4:44  Overlord  
  62  4:50  Drone x2  
  62  4:51  Drone  
  62  4:52  Unknown  
  65  4:54  Extractor  
  65  4:56  Zerg Missile Weapons Level 1  
  64  5:00  Overlord x3  
  64  5:17  Roach x5  
  64  5:18  Roach x4  
  81  5:23  Roach  
  81  5:25  Glial Reconstitution  
  81  5:27  Roach  
  85  5:32  Roach x2  
  85  5:35  Roach  
  91  5:39  Overlord x2  
  91  5:41  Roach x3  
  96  5:45  Roach  
  96  5:46  Roach  
  96  5:47  Zergling x6  
  103  5:52  Overlord x2, Roach  
  103  6:01  Roach x3  
  107  6:07  Extractor  
  107  6:08  Ravager  
  107  6:09  Roach  
  107  6:10  Roach x2  
  113  6:11  Queen  
  113  6:14  Roach  
  113  6:15  Roach  
  113  6:16  Overlord x2  
  117  6:20  Ravager  
  117  6:24  Roach  
  120  6:29  Roach x3  
  109  6:40  Roach x4  
  114  6:49  Roach  
  114  6:50  Roach x4  
  114  6:53  Roach x2  
  124  6:55  Roach  
  126  7:04  Roach x2  
  126  7:07  Roach  
  126  7:09  Roach  
  126  7:11  Roach x3  
  126  7:13  Roach x3  
  122  7:20  Roach  
  122  7:21  Roach  
  120  7:27  Roach x4  
  118  7:30  Roach  
  118  7:31  Roach  
  116  7:37  Extractor  
  116  7:42  Roach x2  
  116  7:43  Drone  
  116  7:44  Drone x2  
  122  7:46  Drone  
  122  7:48  Roach x3  
  129  7:51  Roach x2  
  129  7:53  Roach  
  136  7:58  Drone x2  
  136  8:00  Ravager  
  136  8:02  Drone  
  139  8:05  Drone  
  139  8:06  Drone  
  139  8:12  Drone x3  
  144  8:13  Roach  
  144  8:15  Overlord  
  144  8:16  Overlord  
Tags
 
Add a new tag
Caveats
  • Supply blocks, unpowered buildings, or Contaminate may cause inaccurate times.
  • Supply counts are checked every 10 seconds.